 Dungeon Crawl Stone Soup version 0.30.1 (webtiles) character file.

Game seed: 2394159315385803387

359 Destapler the Chopper (level 6, -3/56 HPs)
             Began as a Minotaur Chaos Knight on July 8, 2023.
             Slain by a hornet (7 damage)
             ... on level 4 of the Dungeon.
             The game lasted 00:04:20 (2502 turns).

Destapler the Chopper (Minotaur Chaos Knight)       Turns: 2502, Time: 00:04:20

Health: -3/56      AC:  8    Str: 17    XL:     6   Next: 37%
Magic:  5/5        EV: 12    Int:  9    God:
Gold:   173        SH:  0    Dex: 11    Spells: 5/5 levels left

rFire   . . .        a - +0 hand axe (chaos)
rCold   . . .        (no shield)
rNeg    . . .        b - +2 leather armour
rPois   .            (helmet restricted)
rElec   .            (no cloak)
rCorr   .            (no gloves)
SInv    .            e - +2 pair of boots
Will    .....        (no amulet)
Stlth   +            (no ring)
HPRegen 0.29/turn    (no ring)
MPRegen 0.09/turn

%: no passive effects
@: lethally poisoned (-3 -> -10), cleaving, attractive, slowed, very slow
A: horns 2, retaliatory headbutt
a: no special abilities


You were on level 4 of the Dungeon.
You visited 1 branch of the dungeon, and saw 4 of its levels.

You collected 173 gold pieces.

Inventory:

Hand Weapons
 a - a +0 hand axe of chaos (weapon)
Armour
 b - a +2 leather armour (worn)
 e - a +2 pair of boots (worn)
Wands
 o - a wand of paralysis (7)
 t - a wand of polymorph (8)
Scrolls
 d - 2 scrolls of brand weapon {unknown}
 h - a scroll of enchant weapon {unknown}
 i - a scroll of enchant armour {unknown}
 j - a scroll of fog {unknown}
 k - 2 scrolls of immolation {unknown}
 n - 3 scrolls of fear {unknown}
 p - a scroll of blinking {unknown}
 r - a scroll of identify {unknown}
 s - a scroll of noise {unknown}
Potions
 l - a potion of berserk rage {unknown}
 m - a potion of curing {unknown}
 q - a potion of haste {unknown}
 u - a potion of brilliance {unknown}
Miscellaneous
 c - a piece from Xom's chessboard (15/15) (quivered)


   Skills:
 + Level 5.3 Fighting
 + Level 5.4 Axes
 + Level 4.5 Armour
 + Level 3.5 Dodging


You had 5 spell levels left.
You didn't know any spells.
Your spell library contained the following spells:

 Spells                   Type           Power      Damage    Failure   Level
 Beastly Appendage        Tmut           0%         N/A       43%         1
 Kiss of Death            Conj/Necr      0%         2d5       43%         1
 Scorch                   Fire           0%         2d5       58%         2
 Wereblood                Tmut           0%         N/A       58%         2
 Dazzling Flash           Conj/Hex       0%         N/A       82%         3
 Spider Form              Tmut/Pois      0%         N/A       82%         3
 Flame Wave               Conj/Fire      0%         2d4       99%         4
 Ice Form                 Ice/Tmut       0%         N/A       99%         4
 Agony                    Necr           0%         N/A       100%        5
 Silence                  Hex/Air        0%         N/A       100%        5
 Summon Cactus Giant      Summ           0%         N/A       100%        6
 Dragon Form              Tmut           0%         N/A       100%        7
 Borgnjor's Revivificati  Necr           0%         N/A       100%        8


Dungeon Overview and Level Annotations

Branches:
Dungeon (4/15)
 Temple: D:4-7

Altars:
Elyvilon
Zin
The Shining One


Innate Abilities, Weirdness & Mutations

You have a pair of horns on your head.
You reflexively headbutt those who attack you in melee.


Message History

You suddenly lose the ability to move!
The hornet stings you!
* * * LOW HITPOINT WARNING * * *
You are more poisoned.
You shrug off the repeated paralysis!
The hornet stings you!
* * * LOW HITPOINT WARNING * * *
You are more poisoned.
You feel as though you will be slow longer.
You can move again.
You swap places.
* * * LOW HITPOINT WARNING * * *
You feel extremely sick. "Go forth and destroy!"
Your +0 hand axe of chaos looks sharp (like it always does).
You are now a special plaything of Xom.
The hornet stings your hobgoblin zombie!
Your hobgoblin zombie is destroyed!
It was a potion of heal wounds.
You feel much better.
Xom thinks this is hilarious!
You feel yourself speed up.
* * * LOW HITPOINT WARNING * * *
You feel extremely sick. The hornet stings you.
* * * LOW HITPOINT WARNING * * *
You feel yourself slow down. The hornet misses you.
Okay, then.
Really renounce your faith, foregoing its fabulous benefits?
Are you sure?
You have lost your religion!
Xom does not appreciate desertion!
* * * LOW HITPOINT WARNING * * *
You feel very sick. The hornet barely misses you. The hornet stings you.
* * * LOW HITPOINT WARNING * * *
You feel as though you will be slow longer.
It was a potion of attraction.
You feel attractive to monsters.
* * * LOW HITPOINT WARNING * * *
You feel very sick. The hornet stings you!
You die...

# #.#######.##.....
###.# #<# ... .##.# #<#
# # # .##.# #.# .##.
.##.# ###[# ... ....#
#...# ..#
##..#####...### #.###..
#............####......)
#Z####.#.......@y.......
#.####.......###########
#............#
########...#.# ##.##.#
#.##.# #.##># #.##.#
#.##.#


You could see a hornet.

Vanquished Creatures
  Grinder (D:4)
  A jelly (D:4)
  Ijyb (D:3)
  An iguana (D:3)
  2 adders
  A dart slug (D:1)
  2 orcs
  6 ball pythons
  5 bats
  9 endoplasms
  2 giant cockroaches (D:1)
  5 goblins
  14 hobgoblins
  2 jackals
  3 quokkas
  3 frilled lizards (D:2)
  6 kobolds
  3 rats
67 creatures vanquished.

Vanquished Creatures (others)
  A hobgoblin zombie (D:4)
1 creature vanquished.

Grand Total: 68 creatures vanquished

Notes
Turn   | Place    | Note
-------+----------+-------------------------------------------
     0 | D:1      | Destapler the Minotaur Chaos Knight began the quest for the
                  | Orb.
     0 | D:1      | Reached XP level 1. HP: 19/19 MP: 0/0
    82 | D:1      | XOM: silly message
    95 | D:1      | Reached XP level 2. HP: 25/27 MP: 1/1
   311 | D:1      | XOM: god gift: bubbling cyan potion {god gift}
   549 | D:1      | XOM: cloud trail
   644 | D:1      | XOM: noise
   729 | D:1      | Reached XP level 3. HP: 33/33 MP: 2/2
   958 | D:2      | XOM: silly message
   975 | D:2      | Found a faded altar of an unknown god.
  1156 | D:2      | XOM: silly message
  1676 | D:3      | XOM: stealth player
  1803 | D:3      | Noticed Ijyb
  1806 | D:3      | Paralysed by Ijyb for 2 turns
  1810 | D:3      | XOM: potion effect (invisibility)
  1811 | D:3      | Killed Ijyb
  1812 | D:3      | Reached XP level 4. HP: 41/41 MP: 3/3
  1874 | D:3      | XOM: silly message
  2100 | D:3      | Found a white marble altar of Elyvilon.
  2101 | D:3      | Found a glowing golden altar of the Shining One.
  2106 | D:3      | Found a glowing silver altar of Zin.
  2176 | D:3      | XOM: silly message
  2179 | D:3      | XOM: silly message
  2299 | D:4      | Noticed Grinder
  2303 | D:4      | Paralysed by Grinder for 3 turns
  2304 | D:4      | XOM: potion effect (might)
  2313 | D:4      | XOM: repel stairs
  2314 | D:4      | Killed Grinder
  2315 | D:4      | Reached skill level 5 in Fighting
  2315 | D:4      | Reached skill level 5 in Axes
  2315 | D:4      | Reached XP level 5. HP: 22/48 MP: 4/4
  2315 | D:4      | Reached XP level 6. HP: 26/56 MP: 5/5
  2440 | D:4      | Got the Parchment of Grim Transmigration
  2496 | D:4      | a worm changed into a hornet
  2496 | D:4      | Noticed a hornet
  2498 | D:4      | Paralysed by a hornet for 1 turns
  2499 | D:4      | XOM: cleaving
  2501 | D:4      | Fell from the grace of Xom
  2502 | D:4      | Slain by a hornet

Illustrated notes

Levels and vault maps discovered:
D:1:      heliophobic_arrival_ceremonial_halls, layout_loops_ring,
          corexii_hall_statues_deadend
D:2:      layout_basic, dreamdust_ecumenical_altar_grove, serial_bayou_pond_e
D:3:      layout_rooms, good_gods_temple_1, ebering_dispersal_statue_hall,
          minmay_fractal_squares_diagonal_5, uniq_ijyb
D:4:      cheibrodos_helix_gallery, layout_loops_ring, minmay_checkerbox,
          uniq_grinder

Skill      XL: |  1  2  3  4 |
---------------+-------------+-----
Axes           | 4 5 |  5.4
Fighting       | 4 5 |  5.3
Armour         | 3 4 |  4.5
Dodging        | 2 3 |  3.5

Action                     |  1- 3 |  4- 6 || total
---------------------------+-------+-------++-------
  Melee: Hand axe          |    89 |    51 ||   140
         Headbutt          |     8 |     8 ||    16
 Invoke: Renounce Religion |       |     1 ||     1
  Evoke: Piece from Xom's  |     1 |     2 ||     3
    Use: Potion            |     1 |     2 ||     3
   Stab: Paralysed         |     1 |       ||     1
         Distracted        |       |     1 ||     1
 Armour: Leather armour    |    32 |    22 ||    54
  Dodge: Dodged            |    50 |    29 ||    79
